 Dungeon Crawl Stone Soup version 0.29.1-debian-4-g95531337e3 (webtiles) character file.

Game seed: 5144001404743087666

385 Colgate the Trooper (level 6, -8/44 HPs)
             Began as an Octopode Transmuter on Sept 13, 2022.
             Was an Initiate of Hepliaklqana.
             Splashed by a jelly's acid (9 damage)
             ... on level 4 of the Dungeon.
             The game lasted 00:17:55 (4997 turns).

Colgate the Trooper (Octopode Transmuter)           Turns: 4997, Time: 00:17:55

Health: -8/44      AC: -11   Str: 15    XL:     6   Next: 77%
Magic:  3/9        EV: 13    Int: 22    God:    Hepliaklqana [......]
Gold:   191        SH:  0    Dex: 12    Spells: 3/9 levels left

rFire   x . .      SeeInvis .   a - +5 dagger "Wanafomi" {drain, rF- rC+ Int+4}
rCold   + . .      Faith    +   (no shield)
rNeg    . . .      Spirit   .   (helmet restricted)
rPois   .          Reflect  .   r - amulet of faith
rElec   .          Harm     .   b - +6 ring of strength
rCorr   .          Rampage  .   i - ring of flight
Will    .....                   (no ring)
Stlth   +++.......              (no ring)
HPRegen 0.14/turn               (no ring)
MPRegen 0.11/turn               (no ring)
                                (no ring)
                                (no ring)

@: corroded, flying
A: almost no armour, amphibious, 8 rings, camouflage 1, gelatinous body 1,
(nimble swimmer 1), tentacles
a: Renounce Religion


You were on level 4 of the Dungeon.
You worshipped Hepliaklqana.
Hepliaklqana was noncommittal.
You visited 1 branch of the dungeon, and saw 4 of its levels.

You collected 279 gold pieces.
You spent 88 gold pieces at shops.

Inventory:

Hand Weapons
 a - the +5 dagger "Wanafomi" (weapon) {drain, rF- rC+ Int+4}
   (You found it on level 3 of the Dungeon)

   A truly terrible weapon, it drains the life of any living foe it strikes.
   Int:       It affects your intelligence (+4).
   rF:        It makes you vulnerable to fire.
   rC:        It protects you from cold.
Jewellery
 b - a +6 ring of strength (left tentacle)
 i - a ring of flight (right tentacle)
 r - an amulet of faith (around mantle)
Wands
 s - a wand of polymorph (2)
Scrolls
 c - 3 scrolls of identify {unknown}
 f - a scroll of brand weapon {unknown}
 h - a scroll of summoning {unknown}
 j - a scroll of torment {unknown}
 l - 3 scrolls of noise {unknown}
 m - a scroll of teleportation {unknown}
 o - a scroll of silence {unknown}
Potions
 d - 4 potions of degeneration {unknown}
 e - a potion of invisibility {unknown}
 g - 5 potions of curing {@q1}
 k - a potion of lignification
 n - a potion of berserk rage
 p - a potion of mutation {unknown}
 q - a potion of flight {unknown}


   Skills:
 - Level 4.6 Fighting
 - Level 2.0 Dodging
 - Level 1.0 Stealth
 - Level 4.1 Unarmed Combat
 - Level 2.0 Spellcasting
 + Level 4.1 Transmutations


You had 3 spell levels left.
You knew the following spells:

 Your Spells              Type           Power      Damage    Failure   Level
a - Beastly Appendage     Tmut           40%        N/A       2%          1
b - Wereblood             Tmut           20%        N/A       3%          2
c - Spider Form           Tmut/Pois      11%        N/A       19%         3

Your spell library contained the following spells:

 Spells                   Type           Power      Damage    Failure   Level
 Portal Projectile        Hex/Tloc       4%         N/A       38%         3
 Tukima's Dance           Hex            2%         N/A       38%         3
 Ice Form                 Ice/Tmut       11%        N/A       52%         4
 Blade Hands              Tmut           10%        N/A       56%         5


Dungeon Overview and Level Annotations

Branches:
Dungeon (4/15)
 Temple: D:4-7

Altars:
Hepliaklqana
Sif Muna

Shops:
D:2 *   D:4 !


Innate Abilities, Weirdness & Mutations

You cannot wear most types of armour.
You are amphibious.
You can wear up to eight rings at the same time.
Your skin changes colour to match your surroundings (Stealth+).
Your rubbery body absorbs attacks. (AC +1, EV +1)
((You are camouflaged when in or above water. (Stealth+)))
You have tentacles for arms and can constrict up to eight enemies at once.


Message History

Nothing appears to happen.
The jelly barely misses you.
Unknown command.
Casting: Spider Form (dangerous; 19% risk of failure)
You miscast Spider Form.
You feel incredibly sick!
You are poisoned.
You feel sick. The jelly completely misses you.
Unknown command.
Casting: Spider Form (dangerous; 19% risk of failure)
You turn into a venomous arachnid creature.
The +5 dagger "Wanafomi" {drain, rF- rC+ Int+4} melds into your body.
You feel sick. The jelly closely misses you.
Unknown command.
You hit the jelly. The acid corrodes you!
Your front legs burn!
You feel sick. The jelly misses you.
You feel sick.
You feel sick.
You are no longer poisoned.
The jelly attacks as you move away! The jelly completely misses you.
The jelly attacks as you move away! The jelly closely misses you.
The jelly attacks as you move away! The jelly closely misses you.
The jelly attacks as you move away! The jelly barely misses you.
Your transformation is almost over.
Your magical contamination has completely faded away.
The jelly attacks as you move away! The jelly hits you.
You are splashed with acid!
* * * LOW HITPOINT WARNING * * *
Your transformation has ended.
The +5 dagger "Wanafomi" {drain, rF- rC+ Int+4} unmelds from your body.
You sense an unholy aura.
The jelly attacks as you move away! The jelly hits you.
* * * LOW HITPOINT WARNING * * *
You are splashed with acid!
* * * LOW HITPOINT WARNING * * *
The jelly attacks as you move away! The jelly closely misses you.
The jelly attacks as you move away! The jelly hits you.
* * * LOW HITPOINT WARNING * * *
The acid corrodes you!
You are splashed with acid!
You die...

## #.# #.. ..# #### #.# #.#
#... #####
#.###.#########.## #
#...###.##.............# #
####...........##..#####..#
#
#..........##.........##..#
#
#.###.###..#..........##..#
# #.....#
#.@J..###'''####... #
#.##### #.#####.(....(###.#
# ##.#######.# #....(..#
#.# # #..........#
#..(....# #.# #
#......##### #.....(8# #.#
# #.####.# #.(.(...# #.# #
###.# #.# ###########.. #
#...###..# ##...
####.#......#### ###....


You could see a jelly.

Vanquished Creatures
  An ice beast (D:4)
  A scorpion (D:3)
  An iguana (D:4)
  2 orc wizards (D:2)
  The ghost of fly the Sneak, a weakling DgDe (D:4)
  Robin (D:3)
  4 adders
  An ufetubus (D:4)
  2 worms (D:2)
  2 dart slugs (D:4)
  6 orcs
  An endoplasm (D:3)
  3 giant cockroaches
  11 hobgoblins
  3 jackals
  2 quokkas
  5 ball pythons
  6 bats
  12 goblins
  5 kobolds
  3 rats (D:3)
73 creatures vanquished.

Notes
Turn   | Place    | Note
-------+----------+-------------------------------------------
     0 | D:1      | Colgate the Octopode Transmuter began the quest for the
                  | Orb.
     0 | D:1      | Reached XP level 1. HP: 13/13 MP: 3/3
   339 | D:1      | Reached XP level 2. HP: 18/18 MP: 3/5
   346 | D:1      | Learned a level 2 spell: Wereblood
  1010 | D:2      | Reached XP level 3. HP: 20/23 MP: 4/6
  1014 | D:2      | Learned a level 3 spell: Spider Form
  1093 | D:2      | Reached XP level 4. HP: 4/28 MP: 0/7
  1507 | D:2      | Reached skill level 1 in Stealth
  1632 | D:2      | Found Relad's General Store.
  2269 | D:3      | Identified the +5 dagger "Wanafomi" {drain, rF- rC+ Int+4}
  2320 | D:3      | Noticed Robin
  2618 | D:2      | Reached XP level 5. HP: 30/34 MP: 3/8
  2637 | D:3      | Killed Robin
  2696 | D:3      | Found a faded altar of an unknown god.
  3102 | D:4      | Found Ytuitem's Distillery.
  3105 | D:4      | Bought a potion of berserk rage for 55 gold pieces
  3105 | D:4      | Bought a potion of curing for 33 gold pieces
  4013 | D:4      | Noticed an ice beast
  4034 | D:4      | Killed an ice beast
  4035 | D:4      | Reached XP level 6. HP: 13/44 MP: 6/9
  4581 | D:4      | Found a hazy altar of Hepliaklqana.
  4589 | D:4      | Found a shimmering blue altar of Sif Muna.
  4669 | D:4      | Became a worshipper of Hepliaklqana the Forgotten
  4807 | D:4      | Found a runed translucent gate.
  4807 | D:4      | Found a runed translucent gate.
  4807 | D:4      | Found a runed translucent gate.
  4808 | D:4      | Noticed fly's ghost (weakling DgDe)
  4835 | D:4      | Killed fly's ghost
  4997 | D:4      | HP: 1/44 [jelly (3)]
  4997 | D:4      | Splashed by a jelly's acid

Illustrated notes

Levels and vault maps discovered:
D:1:      heliophobic_arrival_battle_scene, layout_rooms
D:2:      layout_basic, serial_shops, shop
D:3:      layout_loops_ring, hellmonk_ecumenical_altar_pennies_from_heaven,
          chequers_arboretum, uniq_robin
D:4:      layout_loops_corners, jmf_multi_god_temple,
          grunt_temple_overflow_diamond, ebering_ghost_rock_garden,
          nicolae_stop_n_shop_2

Skill      XL: |  1  2  3  4  5  6 |
---------------+-------------------+-----
Unarmed Combat | 4 |  4.1
Transmutations | 3 4 |  4.1
Stealth        | 1 |  1.0
Fighting       | 2 4 |  4.6
Dodging        | |  2.0
Spellcasting   | |  2.0

Action                   |  1- 3 |  4- 6 || total
-------------------------+-------+-------++-------
Melee: Unarmed           |    60 |   117 ||   177
       Constrict         |    15 |     2 ||    17
       Kick              |     9 |       ||     9
       Tentacles         |     7 |     2 ||     9
       Dagger            |       |    11 ||    11
 Cast: Beastly Appendage |     7 |       ||     7
       Spider Form       |     1 |    31 ||    32
       Wereblood         |     1 |     3 ||     4
 Stab: Sleeping          |     1 |    10 ||    11
Armor: Skin              |     4 |     1 ||     5
Dodge: Dodged            |    44 |   109 ||   153
